 Dungeon Crawl Stone Soup version 0.25-a0-558-g78a2afb0af (webtiles) character file.

Game seed: 3756613357351058531, levelgen mode: deterministic

274 Amnekian the Ducker (level 6, -2/38 HPs)
             Began as an Octopode Transmuter on Feb 24, 2020.
             Killed by divine providence
             ... invoked by an orc priest
              (13 damage)
             ... on level 5 of the Dungeon on Feb 25, 2020.
             The game lasted 00:38:57 (6288 turns).

Amnekian the Ducker (Octopode Transmuter)           Turns: 6288, Time: 00:38:57

Health: -2/38      AC:  1    Str:  9    XL:     6   Next: 24%
Magic:  9/9        EV: 14    Int: 16    God:
Gold:   145        SH:  3    Dex: 14    Spells: 8/9 levels left

rFire    . . .     SeeInvis .   a - +0 mace (holy)
rCold    + . .     Gourm    .   f - +0 buckler
rNeg     . . .     Faith    .   (helmet restricted)
rPois    .         Spirit   .   (no amulet)
rElec    .         Reflect  .   z - ring of protection from cold
rCorr    .         Harm     .   (no ring)
MR       .....                  (no ring)
Stlth    +++.......             (no ring)
HPRegen  0.12/turn              (no ring)
MPRegen  0.11/turn              (no ring)
                                (no ring)
                                (no ring)

@: heavily drained
A: almost no armour, stealthy swim, amphibious, 8 rings, constrict 8, camouflage
1, gelatinous body 1
a: no special abilities


You were on level 5 of the Dungeon.
You were not hungry.

You visited 1 branch of the dungeon, and saw 5 of its levels.
You also visited: Sewer.

You collected 145 gold pieces.

Inventory:

Hand Weapons
 a - a +0 mace of holy wrath (weapon)
 b - a +0 hunting sling
 i - a +0 dagger
 l - a +0 dagger
 r - a cursed -2 whip
 u - a +0 short sword
 v - a +0 dagger
 w - a +0 dagger
 E - a +0 hunting sling
 G - a +0 short sword
Missiles
 g - 57 stones
 h - 29 arrows
 k - 22 poisoned darts (quivered)
Armour
 f - a +0 buckler (worn)
Jewellery
 n - an uncursed amulet of harm
 z - a ring of protection from cold (left tentacle)
Scrolls
 j - 2 scrolls of amnesia
 o - a scroll of fear {unknown}
 p - a scroll of immolation {unknown}
 q - 2 scrolls of teleportation
 s - a scroll of fog {unknown}
 y - 4 scrolls of remove curse {unknown}
 B - a scroll of identify {unknown}
 C - a scroll of noise {unknown}
Potions
 d - 4 potions of curing {unknown}
 e - a potion of haste {unknown}
 m - a potion of stabbing {unknown}
 t - 2 potions of might {unknown}
 x - a potion of magic {unknown}
 A - 2 potions of mutation {unknown}
 D - a potion of brilliance {unknown}
Comestibles
 c - 6 rations


   Skills:
 - Level 1.0(0.0) Fighting
 + Level 5.5(3.8) Dodging
 - Level 4.3(2.6) Stealth
 - Level 3.0(1.4) Unarmed Combat
 - Level 2.0(0.4) Spellcasting
 - Level 2.0(0.4) Transmutations


You had 8 spell levels left.
You knew the following spells:

 Your Spells              Type           Power        Failure   Level  Hunger
a - Beastly Appendage     Tmut           #.....       32%         1    ##.....

Your spell library contained the following spells:

 Spells                   Type           Power        Failure   Level  Hunger
 Sticks to Snakes         Tmut           #.......     45%         2    ###....
 Spider Form              Tmut/Pois      #.........   73%         3    ####...
 Ice Form                 Ice/Tmut       #.......     98%         4    #####..
 Blade Hands              Tmut           #.........   100%        5    ######.


Dungeon Overview and Level Annotations

Branches:
Dungeon (5/15)              Sewer (visited)
 Temple: D:4-7

Altars:
Kikubaaqudgha
Wu Jian

Annotations:
D:3 exclusions: orc priest and 1 more exclusion, Terence
D:4 Grinder


Innate Abilities, Weirdness & Mutations

You cannot wear most types of armour.
You are very stealthy in the water. (Stealth+)
You are amphibious.
You can wear up to eight rings at the same time.
You can use your tentacles to constrict eight enemies at once.
Your skin changes colour to match your surroundings (Stealth+).
Your rubbery body absorbs attacks. (AC +1, EV +1)


Message History

The jelly misses you.
Your surroundings suddenly seem different.
An orc comes into view. It is wielding a +0 dagger.
The orc shouts!
An orc comes into view. It is wielding a +0 falchion.
The orc shouts!
The hound barks!
An orc comes into view. It is wielding a +0 short sword.
The orc shouts!
A centaur comes into view.
An orc comes into view. It is wielding a +0 flail.
An orc priest comes into view. It is wielding a +0 short sword.
The orc priest shouts!
The orc shouts!
The centaur shouts!
Found a scroll labeled QYJUICS QICI and a ring mail.
The centaur wields a +0 shortbow.
The centaur shoots an arrow.
The arrow barely misses you.
Found a leather armour.
The centaur shoots an arrow.
You block the arrow.
The orc priest invokes the aid of Beogh against you.
Beogh smites you!
You die...

#.# #................###..
#..##...............######
......o................##.
.......?oh.............$##
.....o..o....#....<......#
....c...o...##..........##
..........................
...........##..#..........
##.......@.##..###........
...........(#...#........#
[...#....................#
....#.......###..........(
........#.####"=##J##.....
.......##....... #..#.....
[.... #...... ##.##....
..... ##...$.#.....#..$.
#...(..........


You could see a centaur, a hound, an orc priest and 4 orcs.

Vanquished Creatures
  An iguana (D:3)
  A worker ant (D:4)
  A worker ant zombie (D:5)
  10 adders
  A river rat (D:3)
  2 oozes (D:1)
  An adder skeleton (D:4)
  3 worms
  2 dart slugs (D:1)
  2 leopard geckos (D:2)
  2 orcs (D:4)
  4 ball pythons
  7 giant cockroaches
  12 goblins
  8 hobgoblins
  5 jackals
  10 kobolds
  A quokka (D:4)
  9 bats
  5 frilled lizards
  8 rats
  A plant (Sewer)
96 creatures vanquished.

Notes
Turn   | Place    | Note
-------+----------+-------------------------------------------
     0 | D:1      | Amnekian the Octopode Transmuter began the quest for the
                  | Orb.
     0 | D:1      | Reached XP level 1. HP: 13/13 MP: 3/3
    63 | D:1      | Reached skill level 1 in Stealth
   264 | D:1      | Reached XP level 2. HP: 14/18 MP: 5/5
   819 | D:1      | Reached XP level 3. HP: 4/23 MP: 6/6
  2264 | D:3      | Found a glowing drain.
  2274 | D:3      | Reached XP level 4. HP: 28/28 MP: 7/7
  2284 | D:3      | Reached skill level 3 in Dodging
  2291 | Sewer    | Entered a sewer
  3634 | D:2      | Reached XP level 5. HP: 33/33 MP: 8/8
  3699 | D:2      | Reached skill level 4 in Dodging
  4615 | D:3      | Noticed Terence
  4965 | D:3      | Found an ornate altar of the Wu Jian Council.
  5023 | D:5      | Entered Level 5 of the Dungeon
  5047 | D:4      | Noticed Grinder
  5053 | D:4      | Paralysed by Grinder for 5 turns
  5518 | D:4      | Reached skill level 5 in Dodging
  5609 | D:4      | Reached XP level 6. HP: 31/38 MP: 9/9
  5732 | D:4      | Found an ancient bone altar of Kikubaaqudgha.
  6288 | D:5      | Killed from afar by an orc priest

Levels and vault maps discovered:
D:1:      roderic_dead_forest, layout_loops_ring, serial_forest,
          infiniplex_forest_straight_3, infiniplex_forest_clump_small,
          infiniplex_forest_clump_diagonal, infiniplex_forest_clump_small,
          infiniplex_forest_clump_long, infiniplex_forest_end_2,
          infiniplex_forest_clump_curved, infiniplex_forest_lined_3_way,
          infiniplex_forest_lined_room_2
D:2:      layout_basic, first_ration, minmay_split_cup_large
D:3:      layout_rooms, marbit_many_paths, portal_sewer_entry_b,
          roderic_nine_men_s_morris, uniq_terence
D:4:      layout_rooms, kiku_gazebo_pond_becter, minmay_misc_feat_chi,
          uniq_crazy_yiuf_cottage, uniq_grinder, uniq_duvessa
D:5:      layout_cave_pools

Skill      XL: |  1  2  3  4  5 |
---------------+----------------+-----
Stealth        | 2 3 4 |  4.3
Dodging        | 3 5 |  5.5
Fighting       | |  1.0
Unarmed Combat | |  3.0
Spellcasting   | |  2.0
Transmutations | |  2.0

Action                   |  1- 3 |  4- 6 || total
-------------------------+-------+-------++-------
Melee: Unarmed           |    21 |       ||    21
       Constrict         |    25 |    43 ||    68
       Tentacles         |    17 |    24 ||    41
       Mace              |    63 |   167 ||   230
       Punch             |     2 |     9 ||    11
 Fire: Hunting sling     |       |    20 ||    20
Throw: Dart              |     2 |     3 ||     5
       Stone             |       |    26 ||    26
 Cast: Beastly Appendage |     1 |       ||     1
  Use: Scroll            |       |     2 ||     2
 Stab: Sleeping          |    11 |    10 ||    21
       Distracted        |       |     1 ||     1
  Eat: Chunk             |     4 |    13 ||    17
Armor: Skin              |    12 |     3 ||    15
Dodge: Dodged            |    35 |    98 ||   133
Block: Buckler           |    10 |    20 ||    30

Table legend:
 A = Non-vault XP
 B = Vault XP
 C = Vault XP percentage of total XP
 D = Non-vault monster count
 E = Vault monster count
 F = Vault count percentage of total count
                 A         B        C        D         E       F
            +---------+---------+-------+---------+---------+-------
      Total |     304 |      88 |  22.4 |      68 |      27 |  28.4
            +---------+---------+-------+---------+---------+-------
        D:1 |      49 |       0 |   0.0 |      21 |       0 |   0.0
        D:2 |      66 |       9 |  12.0 |      23 |       4 |  14.8
        D:3 |      81 |      18 |  18.2 |      12 |       4 |  25.0
        D:4 |      92 |       0 |   0.0 |      11 |       0 |   0.0
        D:5 |      16 |       0 |   0.0 |       1 |       0 |   0.0
      Sewer |       0 |      61 | 100.0 |       0 |      19 | 100.0
            +---------+---------+-------+---------+---------+-------
